 Dungeon Crawl Stone Soup version 0.28.0-53-g5a82cb258f (webtiles) character file.

Game seed: 18201028532217284061

54295 Kaptain the Geomancer (level 14, -1/141 HPs)
             Began as a Gargoyle Earth Elementalist on July 14, 2022.
             Slain by a blink frog (9 damage)
             ... on level 6 of the Lair of Beasts.
             The game lasted 00:39:38 (26421 turns).

Kaptain the Geomancer (GrEE)                       Turns: 26421, Time: 00:39:39

Health: -1/141     AC: 27    Str: 14    XL:     14   Next: 72%
Magic:  12/29      EV:  2    Int: 21    God:
Gold:   914        SH:  0    Dex: 10    Spells: 24/35 levels left

rFire   . . .      SeeInvis .   K - +8 flail "Hydraslayer" {freeze, rC+ Str+2}
rCold   + . .      Faith    .   (no shield)
rNeg    + . .      Spirit   .   (armour currently unavailable)
rPois   ∞          Reflect  .   (helmet currently unavailable)
rElec   .          Harm     .   (cloak currently unavailable)
rCorr   +          Rampage  .   (gloves currently unavailable)
Will    +....      NoTele   +   (boots currently unavailable)
Stlth   ++........              t - amulet of the acrobat
HPRegen 0.33/turn               F - ring of resist corrosion
MPRegen 0.21/turn               (no ring)

@: tree-form, on berserk cooldown, slowed, very slow
A: stationary, stasis, torment immunity, boosted hp, sickness immunity, AC +10,
(big wings), negative energy resistance 1, (electricity resistance), torment
resistance 1, petrification resistance
a: no special abilities


You were on level 6 of the Lair of Beasts.
You were a tree.
You visited 2 branches of the dungeon, and saw 16 of its levels.

You collected 914 gold pieces.

Inventory:

Hand Weapons
 J - a +6 trident of venom
 K - the +8 flail "Hydraslayer" (weapon) {freeze, rC+ Str+2}
   (You found it on level 10 of the Dungeon)

   It freezes those it strikes, dealing additional cold damage.
   It can also slow down cold-blooded creatures.
   Str:       It affects your strength (+2).
   rC:        It protects you from cold.
Missiles
 k - 509 stones
Armour
 z - a +4 ring mail of willpower (melded)
 E - a +0 pair of boots (melded)
 L - a +0 hat of intelligence (melded)
Jewellery
 t - an amulet of the acrobat (around neck)
 F - a ring of resist corrosion (left branch)
Wands
 a - a wand of digging (14)
 b - a wand of paralysis (14)
 o - a wand of flame (35)
 p - a wand of mindburst (4)
 C - a wand of iceblast (17)
 I - a wand of charming (13)
Scrolls
 e - 4 scrolls of fog
 g - a scroll of enchant armour {unknown}
 i - a scroll of immolation
 u - a scroll of brand weapon {unknown}
 v - a scroll of blinking
 w - a scroll of magic mapping {unknown}
 y - 6 scrolls of fear
 A - a scroll of enchant weapon {unknown}
 B - 2 scrolls of holy word {unknown}
 H - a scroll of vulnerability {unknown}
Potions
 d - a potion of flight
 f - 6 potions of brilliance
 h - 3 potions of cancellation
 j - a potion of haste
 n - 2 potions of mutation
Miscellaneous
 l - a phantom mirror


   Skills:
 * Level 13.0 Fighting
 + Level 9.4 Armour
 - Level 1.5 Dodging
 - Level 4.0 Stealth
 * Level 11.3 Spellcasting
 * Level 13.2 Conjurations
 - Level 0.7 Transmutations
 * Level 14.7 Earth Magic


You had 24 spell levels left.
You knew the following spells:

 Your Spells              Type           Power      Damage    Failure   Level
a - Sandblast             Erth           100%       2d20      0%          1
b - Stone Arrow           Conj/Erth      100%       3d13      1%          3
c - Mephitic Cloud        Conj/Pois/Air  30%        N/A       2%          3
d - Sticky Flame          Conj/Fire      39%        2d6       3%          4

Your spell library contained the following spells:

 Spells                   Type           Power      Damage    Failure   Level
 Magic Dart               Conj           100%       1d8       1%          1
 Shock                    Conj/Air       100%       1d9       1%          1
 Passwall                 Tmut/Erth      36%        N/A       1%          2
 Conjure Flame            Conj/Fire      39%        6-21      1%          3
 Petrify                  Tmut/Erth      44%        N/A       2%          4
 Flame Wave               Conj/Fire      39%        2d9       3%          4
 Hailstorm                Conj/Ice       39%        3d9       3%          4
 Beastly Appendage        Tmut           28%        N/A       4%          1
 Sting                    Tmut/Pois      52%        1d5       4%          1
 Animate Skeleton         Necr           22%        N/A       5%          1
 Freeze                   Ice            44%        1d6       5%          1
 Pain                     Necr           44%        1d6       5%          1
 Wereblood                Tmut           14%        N/A       6%          2
 Blink                    Tloc           22%        N/A       9%          2
 Call Imp                 Summ           11%        N/A       9%          2
 Ensorcelled Hibernation  Hex/Ice        22%        N/A       9%          2
 Poisonous Vapours        Pois/Air       22%        N/A       9%          2
 Scorch                   Fire           22%        2d6       9%          2
 Spider Form              Tmut/Pois      13%        N/A       14%         3
 Ignite Poison            Fire/Tmut/Pois 12%        N/A       16%         3
 Frozen Ramparts          Ice            22%        1d4       17%         3
 Gell's Gravitas          Tloc           11%        N/A       17%         3
 Lesser Beckoning         Tloc           11%        N/A       17%         3
 Swiftness                Air            11%        N/A       17%         3
 Teleport Other           Tloc           11%        N/A       17%         3
 Tukima's Dance           Hex            11%        N/A       17%         3
 Vampiric Draining        Necr           11%        2d6       17%         3
 Airstrike                Air            5%         N/A       50%         4
 Anguish                  Hex/Necr       5%         N/A       50%         4
 Olgreb's Toxic Radiance  Pois           11%        N/A       50%         4
 Manifold Assault         Tloc           11%        N/A       83%         5
 Summon Cactus Giant      Summ           5%         N/A       100%        6
 Enfeeble                 Hex            5%         N/A       100%        7
 Storm Form               Tmut/Air       6%         N/A       100%        7


Dungeon Overview and Level Annotations

Branches:
Dungeon (10/15)            Temple (0/1) D:7            Lair (6/6) D:9
 Shoals (0/4) Lair:3        Snake (0/4) Lair:4        Slime (0/5) Lair:5
    Orc (0/2) D:10

Altars:
Cheibriados
Dithmenos
Fedhas
Hepliaklqana
Kikubaaqudgha
Nemelex Xobeh
Okawaru
Qazlal
Ru
Sif Muna
Trog
Uskayaw
Vehumet
Jiyva


Innate Abilities, Weirdness & Mutations

You are a tree.
Your roots penetrate the ground, keeping you stationary.
You cannot be teleported.
You are immune to unholy pain and torment.
Your maximum health is greatly increased.
Your equipment is partially melded.
You are immune to sickness and miasma.
((Your stone body is resilient. (AC +10)))
You are immune to poison.
((Your large and strong wings let you fly.))
You resist negative energy. (rN+)
((You are resistant to electric shocks. (rElec)))
You are resistant to unholy torment.
You are immune to petrification.


Message History

The elephant is heavily wounded.
The elephant tramples you but does no damage.
The elephant trunk-slaps you but does no damage.
The elephant tramples you but does no damage.
The elephant trunk-slaps you but does no damage.
Unknown command.
You sock the elephant! You freeze the elephant.
The elephant is severely wounded.
You hear a bleat!
The elephant tramples you but does no damage.
The elephant trunk-slaps you but does no damage.
The elephant tramples you but does no damage.
The elephant trunk-slaps you but does no damage.
You hit the elephant. You freeze the elephant.
The elephant is severely wounded.
You feel a little less mighty now.
The elephant tramples you but does no damage.
The elephant trunk-slaps you but does no damage.
The elephant tramples you but does no damage.
The elephant trunk-slaps you but does no damage.
The elephant barely misses you.
The elephant trunk-slaps you but does no damage.
You hit the elephant. You freeze the elephant.
The elephant is almost dead.
The elephant tramples you.
* * * LOW HITPOINT WARNING * * *
The elephant trunk-slaps you but does no damage.
The elephant tramples you but does no damage.
The elephant trunk-slaps you but does no damage.
You hit the elephant. You freeze the elephant.
The elephant is almost dead.
The elephant completely misses you.
The elephant trunk-slaps you but does no damage.
The elephant tramples you but does no damage.
The elephant trunk-slaps you.
* * * LOW HITPOINT WARNING * * *
You sock the elephant! You freeze the elephant.
You kill the elephant!
The blink frog barely misses you. The blink frog hits you!
You die...

########
#P#...Y####
#.....YY#.#
####....YYF##
###.#.......#♣#
###.....l....P###
##..P.....Y...##
...YY..Y.Y.....#
...........#####
..........##
.........##
.........#
........##


You could see 4 elephants, a blink frog and a dream sheep.

Vanquished Creatures
  Gastronok (Lair:1)
  Kirke (Lair:5)
  A boulder beetle (Lair:4)
  7 hydras
  9 death yaks
  Urug (Lair:2)
  Sonja (Lair:1)
  Nergalle (Lair:1)
  Pikel (D:3)
  8 oklob plants
  A guardian serpent (Lair:4)
  A merfolk siren (Lair:3)
  20 elephants
  3 black mambas
  15 cane toads
  A gargoyle (D:10)
  A kobold demonologist (D:7)
  14 komodo dragons
  4 rime drakes
  A merfolk (Lair:3)
  Grinder (D:3)
  2 polar bears
  18 blink frogs
  2 shadows
  2 wyverns
  34 yaks
  A vampire (D:10)
  4 hogs
  4 vampire mosquitoes (D:9)
  2 steam dragons
  Eustachio (D:5)
  Menkaure (D:5)
  2 basilisks
  An acid dragon (Lair:6)
  19 water moccasins
  2 sky beasts (D:7)
  3 orc warriors
  Duvessa (D:5)
  An ice beast (D:8)
  5 black bears
  7 ogres
  11 wolves
  3 centaurs
  A phantom (D:5)
  2 lemures (D:4)
  2 kobold brigands
  13 bullfrogs
  2 gnoll sergeants
  3 water moccasin zombies
  A water moccasin skeleton (D:5)
  A wyvern skeleton (D:6)
  Dowan (D:5)
  3 killer bees (D:5)
  A wight (D:6)
  3 howler monkeys
  5 centaur zombies
  A bullfrog zombie (D:5)
  3 hounds
  A jelly (D:5)
  A gnoll shaman (D:9)
  5 orc priests
  3 iguanas
  11 orc wizards
  3 hell rats (D:9)
  Ijyb (D:3)
  3 howler monkey zombies
  16 gnolls
  7 adders
  A river rat (D:9)
  7 shadow imps
  2 dart slugs (D:4)
  22 orcs
  7 bats
  10 endoplasms
  4 giant cockroaches
  4 goblins
  6 hobgoblins
  4 jackals (D:2)
  17 kobolds
  9 quokkas
  6 ball pythons
  3 frilled lizards
  6 rats
420 creatures vanquished.

Vanquished Creatures (others)
  A bush (Lair:5)
  42 fungi
  70 plants
113 creatures vanquished.

Grand Total: 533 creatures vanquished

Notes
Turn   | Place    | Note
-------+----------+-------------------------------------------
     0 | D:1      | Kaptain the Gargoyle Earth Elementalist began the quest for
                  | the Orb.
     0 | D:1      | Reached XP level 1. HP: 10/10 MP: 3/3
   297 | D:1      | Reached XP level 2. HP: 16/16 MP: 1/5
   781 | D:1      | Reached skill level 1 in Conjurations
   961 | D:1      | Reached skill level 4 in Earth Magic
   994 | D:1      | Reached XP level 3. HP: 20/20 MP: 3/6
   998 | D:1      | Learned a level 3 spell: Stone Arrow
  1060 | D:1      | Reached skill level 1 in Fighting
  1376 | D:1      | Found a faded altar of an unknown god.
  1434 | D:2      | Found a radiant altar of Vehumet.
  1786 | D:2      | Reached skill level 1 in Armour
  1786 | D:2      | Reached XP level 4. HP: 17/25 MP: 7/7
  2507 | D:2      | Reached XP level 5. HP: 29/30 MP: 9/9
  2666 | D:2      | Found Qiylel's Book Emporium.
  2890 | D:3      | Noticed Grinder
  2905 | D:3      | Killed Grinder
  2906 | D:3      | Reached skill level 5 in Earth Magic
  2906 | D:3      | Reached XP level 6. HP: 12/36 MP: 0/10
  3288 | D:3      | Noticed Ijyb
  3296 | D:3      | Killed Ijyb
  4299 | D:4      | Identified the +3 robe of the Mango {Dex+3}
  4367 | D:4      | Reached XP level 7. HP: 41/41 MP: 5/12
  4867 | D:4      | Noticed Pikel
  5161 | D:3      | Killed Pikel
  5162 | D:3      | Reached skill level 6 in Earth Magic
  5162 | D:3      | Reached XP level 8. HP: 35/48 MP: 1/14
  5539 | D:5      | Entered Level 5 of the Dungeon
  5539 | D:5      | Noticed Dowan
  5540 | D:5      | Noticed Duvessa
  5752 | D:5      | Found a sacrificial altar of Ru.
  5779 | D:5      | Killed Duvessa
  6038 | D:5      | Killed Dowan
  6167 | D:5      | Reached skill level 5 in Conjurations
  6275 | D:5      | Reached skill level 5 in Fighting
  6284 | D:5      | Reached skill level 7 in Earth Magic
  6284 | D:5      | Reached XP level 9. HP: 31/54 MP: 3/16
  6287 | D:5      | Reached skill level 5 in Spellcasting
  6559 | D:5      | Found a shimmering blue altar of Sif Muna.
  6590 | D:5      | Noticed Menkaure
  6596 | D:5      | Killed Menkaure
  6757 | D:5      | Found a bloodstained altar of Trog.
  6760 | D:5      | Found an iron altar of Okawaru.
  6819 | D:5      | Noticed Eustachio
  6823 | D:5      | Killed Eustachio
  7288 | D:6      | Identified the +7 mace of Cruel Justice {freeze, rCorr
                  | Str+3}
  7852 | D:6      | Reached skill level 8 in Earth Magic
  8830 | D:7      | Reached XP level 10. HP: 51/61 MP: 6/19
  8988 | D:7      | Found a sparkling altar of Nemelex Xobeh.
  9084 | D:7      | Noticed a kobold demonologist
  9086 | D:7      | Found a transporter.
  9191 | D:7      | Found a transporter.
  9424 | D:7      | Found a staircase to the Ecumenical Temple.
  9580 | D:7      | Found an ancient bone altar of Kikubaaqudgha.
  9602 | D:7      | Found a shadowy altar of Dithmenos.
  9824 | D:7      | Killed a kobold demonologist
 10183 | D:8      | Reached skill level 5 in Armour
 10277 | D:8      | Reached skill level 9 in Earth Magic
 11089 | D:8      | Found a snail-covered altar of Cheibriados.
 11223 | D:8      | Found a hazy altar of Hepliaklqana.
 11340 | D:8      | Found a hide-covered altar of Uskayaw.
 11628 | D:9      | Noticed a death yak
 11629 | D:9      | Noticed a death yak
 11639 | D:9      | Noticed a death yak
 11665 | D:8      | Killed a death yak
 11971 | D:9      | Found a stormy altar of Qazlal.
 12079 | D:9      | Reached XP level 11. HP: 68/68 MP: 3/21
 12454 | D:9      | Found a staircase to the Lair.
 12566 | D:9      | Reached skill level 10 in Earth Magic
 13008 | D:9      | Killed a death yak
 13093 | D:9      | Killed a death yak
 13242 | D:10     | Entered Level 10 of the Dungeon
 13772 | D:10     | Identified the +8 flail "Hydraslayer" {freeze, rC+ Str+2}
 14090 | D:10     | Found a staircase to the Orcish Mines.
 14190 | D:10     | Found a blossoming altar of Fedhas.
 14309 | Lair:1   | Entered Level 1 of the Lair of Beasts
 14312 | Lair:1   | Noticed a seven-headed hydra
 14399 | Lair:1   | Killed a seven-headed hydra
 15121 | Lair:1   | Reached skill level 11 in Earth Magic
 15240 | Lair:1   | Noticed Gastronok
 15374 | Lair:1   | Killed Gastronok
 15375 | Lair:1   | Reached XP level 12. HP: 64/76 MP: 1/24
 15736 | Lair:1   | Reached skill level 10 in Conjurations
 16147 | Lair:1   | Noticed Nergalle
 16150 | Lair:1   | Noticed Sonja
 16152 | Lair:1   | Killed Sonja
 16153 | Lair:1   | Reached skill level 10 in Fighting
 16156 | Lair:1   | Killed Nergalle
 16480 | Lair:1   | Found a blossoming altar of Fedhas.
 17096 | Lair:2   | You are sucked into a shaft and drop 2 floors!
 17215 | Lair:4   | Reached skill level 12 in Earth Magic
 18303 | Lair:2   | Noticed Urug
 18313 | Lair:2   | Killed Urug
 18314 | Lair:2   | Reached XP level 13. HP: 84/84 MP: 13/26
 19776 | Lair:3   | Reached skill level 13 in Earth Magic
 20035 | Lair:3   | Found a sparkling altar of Nemelex Xobeh.
 20087 | Lair:3   | Reached skill level 10 in Spellcasting
 20263 | Lair:3   | Found a staircase to the Shoals.
 20659 | Lair:3   | Learned a level 3 spell: Mephitic Cloud
 20664 | Lair:3   | Learned a level 4 spell: Sticky Flame
 21675 | Lair:4   | Found a staircase to the Snake Pit.
 23688 | Lair:4   | Gained mutation: Your large and strong wings let you fly.
                  | [Gargoyle growth]
 23688 | Lair:4   | Reached XP level 14. HP: 61/92 MP: 1/28
 24268 | Lair:5   | Noticed Kirke
 24594 | Lair:5   | Reached skill level 14 in Earth Magic
 25617 | Lair:5   | Found a viscous altar of Jiyva.
 25617 | Lair:5   | Found a staircase to the Slime Pits.
 25758 | Lair:5   | Killed Kirke
 25898 | Lair:6   | Entered Level 6 of the Lair of Beasts
 26414 | Lair:6   | HP: 7/141 [elephant (5)]
 26420 | Lair:6   | HP: 7/141 [elephant (1)]
 26421 | Lair:6   | Slain by a blink frog

Illustrated notes

Levels and vault maps discovered:
D:1:      dpeg_arrival_simpleton_b, layout_loops_corners,
          shapermc_ecumenical_altar_mp_urbaneastern
D:2:      minmay_diamond_boxcup, layout_basic, serial_shops, shop, basic_altar,
          minmay_tetromino_i2
D:3:      layout_basic, uniq_ijyb, uniq_grinder
D:4:      layout_basic, uniq_pikel
D:5:      layout_rooms, overflow_temple_1_default, minitemple, serial_glass,
          glass_columns_a, glass_columns_c, due_unseen_surprise,
          feat_on_display, feat_on_display, minmay_misc_feat_rows,
          uniq_menkaure, uniq_duvessa, uniq_eustachio
D:6:      layout_basic, st_stairs_12
D:7:      gammafunk_wand_slinger, layout_basic, grunt_dithmenos_shadows,
          nemelex_xobeh_ov_fountains_minmay, mainiacjoe_overflow_tiny_flanked,
          minmay_temple_entry_antechambers
D:8:      layout_cave_pools, worldfamousw_hep_ancestral_shrine,
          lemuel_round_altar, kennysheep_mini
D:9:      layout_basic, nicolae_qazlal_general_emergency, dpeg_lair_monsters
D:10:     layout_basic, fedhas_altar_3
Lair:1:   layout_gridlike, hangedman_tree_tricks, infiniplex_staircase_pool,
          uniq_sonja, uniq_nergalle, uniq_gastronok
Lair:2:   layout_concentric_octagons, minivault_23, beast_lair_carwin_4,
          grunt_megastairs_1, uniq_urug
Lair:3:   layout_misc_corridors, elwin_shoals_entry_rooms, lemuel_oklob_altar
Lair:4:   minmay_lair_oklob_tunnel, layout_misc_corridors,
          minmay_snake_entry_spellcaster, lemuel_fruit_tree
Lair:5:   layout_regular_city, dpeg_slime_entry_enclosed_altar,
          grunt_megastairs_3, uniq_kirke
Lair:6:   hellmonk_lair_end_abyssal_woods, layout_hall_layers, serial_bayou,
          serial_bayou_pond_d, serial_bayou_pond_c, serial_bayou_pond_a,
          serial_bayou_pond_b, serial_bayou_ford_a, serial_bayou_crossing,
          guppyfry_lair_drakes

Skill      XL: |  1  2  3  4  5  6  7  8  9 10 11 12 13 14 |
---------------+-------------------------------------------+-----
Conjurations   | 1 2 3 4 5 6 8 9 11 12 13 | 13.2
Earth Magic    | 4 5 6 7 8 9 11 12 13 14 | 14.7
Fighting       | 1 2 3 4 5 6 8 9 11 12 13 | 13.0
Armour         | 1 2 3 4 5 6 7 8 9 |  9.4
Stealth        | 3 4 |  4.0
Spellcasting   | 3 4 6 7 8 9 10 11 | 11.3
Dodging        | |  1.5
Transmutations | |  0.7

Action                   |  1- 3 |  4- 6 |  7- 9 | 10-12 | 13-15 || total
-------------------------+-------+-------+-------+-------+-------++-------
Melee: Dagger            |    46 |    64 |     1 |       |       ||   111
       Short sword       |     5 |       |       |       |       ||     5
       Punch             |     2 |       |       |       |     1 ||     3
       Hand axe          |       |       |    31 |       |       ||    31
       Mace              |       |       |    10 |    30 |       ||    40
       Flail             |       |       |       |    30 |   129 ||   159
 Cast: Sandblast         |    30 |     2 |    19 |    23 |     9 ||    83
       Stone Arrow       |     3 |    34 |   103 |   321 |   285 ||   746
       Sticky Flame      |       |       |       |       |    17 ||    17
Evoke: Wand              |       |       |       |       |     1 ||     1
  Use: Potion            |       |     1 |       |     2 |    22 ||    25
       Scroll            |       |     3 |       |    11 |     3 ||    17
 Stab: Sleeping          |     3 |     5 |     3 |       |       ||    11
Armor: Robe              |     3 |       |    17 |       |       ||    20
       Leather armour    |    17 |    22 |       |       |       ||    39
       Ring mail         |       |       |    31 |   175 |   281 ||   487
       Skin              |       |       |       |       |    42 ||    42
Dodge: Dodged            |    39 |    40 |    58 |   150 |   226 ||   513
